 Dungeon Crawl Stone Soup version 0.23-a0-402-g64599a1 (webtiles) character file.

14155 qdestroyer the Cleaver (level 11, -4/99 HPs)
             Began as a Minotaur Fighter on Nov 4, 2018.
             Was an Initiate of Gozag.
             Killed by divine providence
             ... invoked by a meliai
              (15 damage)
             ... on level 13 of the Dungeon.
             The game lasted 00:29:56 (12273 turns).

qdestroyer the Cleaver (Minotaur Fighter)          Turns: 12273, Time: 00:29:57

Health: -4/99      AC: 23    Str: 24    XL:     11   Next: 85%
Magic:  10/10      EV:  6    Int:  5    God:    Gozag
Gold:   2065       SH: 20    Dex: 10    Spells: 10/10 levels left

rFire    . . .     SeeInvis .   C - +2 war axe (venom)
rCold    . . .     Gourm    .   B - +2 large shield
rNeg     + . .     Faith    .   r - +0 plate armour
rPois    .         Spirit   .   c - +2 hat
rElec    .         Reflect  .   e - +2 cloak {MR+}
rCorr    .         Harm     .   s - +0 pair of gloves
MR       ++++.     Clarity  +   D - +2 pair of boots
Stlth    ..........             m - amulet of the Four Winds {rN+ MR+++ Clar}
HPRegen  0.26/turn              (no ring)
MPRegen  0.12/turn              (no ring)

@: gold aura, hasted, very quick
A: retaliatory headbutt, horns 2
a: Potion Petition, Call Merchant, Bribe Branch, Renounce Religion


You were on level 13 of the Dungeon.
You worshipped Gozag.
Gozag was most pleased with you.
You were hungry.

You visited 1 branch of the dungeon, and saw 13 of its levels.

You collected 2356 gold pieces.
You spent 217 gold pieces at shops.
You paid 74 gold pieces to Gozag.

Inventory:

Hand Weapons
 C - a +2 war axe of venom (weapon)
Armour
 c - a +2 hat (worn)
 e - a +2 cloak of magic resistance (worn)
 r - a +0 plate armour (worn)
 s - a +0 pair of gloves (worn)
 B - a +2 large shield (worn)
 D - a +2 pair of boots (worn)
Jewellery
 d - an uncursed ring of ice
 m - the amulet of the Four Winds (around neck) {rN+ MR+++ Clar}
   (You found it on level 5 of the Dungeon)

   [amulet of nothing]

   It protects you from negative energy.
   It affects your resistance to hostile enchantments.
   It protects you against confusion.
Wands
 b - a wand of enslavement (7)
 p - a wand of polymorph (9)
 x - a wand of flame (19)
 y - a wand of iceblast (24)
 A - a wand of disintegration (12)
Scrolls
 g - 2 scrolls of enchant weapon
 h - a scroll of fog
 i - 9 scrolls of remove curse
 l - a scroll of holy word {unknown}
 t - 3 scrolls of magic mapping
 v - 2 scrolls of amnesia
 z - 2 scrolls of identify
Potions
 a - 2 potions of mutation
 j - 2 potions of invisibility
 k - 5 potions of haste
 n - 4 potions of curing
 o - a potion of cancellation
 q - a potion of berserk rage {unknown}
 u - 2 potions of flight
Comestibles
 f - 15 rations


   Skills:
 + Level 9.8 Fighting
 + Level 14.3 Axes
 + Level 8.0 Armour
 + Level 6.2 Dodging
 + Level 2.8 Stealth
 + Level 11.4 Shields


You had 10 spell levels left.
You didn't know any spells.
Your spell library contained the following spells:

 Spells                   Type           Power        Failure   Level  Hunger
 Summon Butterflies       Summ           #.......     100%        1    ##.....
 Call Canine Familiar     Summ           #.......     100%        3    ####...
 Static Discharge         Conj/Air       #.......     100%        3    ####...
 Summon Ice Beast         Ice/Summ       #.......     100%        4    #####..
 Lightning Bolt           Conj/Air       #.........   100%        5    ######.
 Summon Mana Viper        Hex/Summ       #.......     100%        5    ######.
 Summon Hydra             Summ           #.........   100%        7    #######
 Ignition                 Fire           #.........   100%        8    #######
 Shatter                  Erth           #.........   100%        9    #######
 Tornado                  Air            #.........   100%        9    #######


Dungeon Overview and Level Annotations

Branches:
Dungeon (13/15)            Temple (0/1) D:4            Lair (0/6) D:11
    Orc (0/2) D:10
 Vaults: D:13-14

Altars:
Fedhas
Gozag
Ru

Shops:
D:9 %   D:12 [

Annotations:
D:13 Frances


Innate Abilities, Weirdness & Mutations

You reflexively headbutt those who attack you in melee.
You have a pair of horns on your head.


Message History

The meliai invokes the aid of its god against you.
Something smites you!
* * * LOW HITPOINT WARNING * * *
The meliai hits you but does no damage. You block the meliai's attack.
The meliai calls down the wrath of its god upon you.
Something smites you!
* * * LOW HITPOINT WARNING * * *
You feel yourself speed up. The meliai hits you but does no damage.
You block the meliai's attack.
You feel better. The meliai barely misses you. You furiously retaliate!
You headbutt the meliai. You block the meliai's attack.
You block the meliai's attack.
The meliai stings you but does no damage.
The meliai mumbles some strange prayers to its god against you.
Something smites you!
* * * LOW HITPOINT WARNING * * *
The meliai calls down the wrath of its god upon you.
Something smites you!
You die...
Your body crumbles into a pile of gold.

#....##.#
#.# ###..
..# #.# #.
##.# #.# ..
#.# #.# ..
..# #.# #.
#.# #.#
##########.#
#.yy..@....#
#.##########
#$# #.# #.#
#.# ######.#
#.# ......c.
#.# ######.#
#..


You could see 2 meliai.

Vanquished Creatures
  Fannar (D:12)
  A centaur warrior (D:10)
  3 two-headed ogres
  A death yak (D:11)
  An ugly thing (D:13)
  A deep elf mage (D:12)
  A cyclops (D:13)
  2 centaur zombies
  A gargoyle (D:11)
  An efreet (D:12)
  A tengu conjurer (D:12)
  A meliai (D:13)
  Prince Ribbit (D:7)
  A hippogriff (D:11)
  A wyvern (D:12)
  A vampire (D:11)
  4 yaks (D:12)
  A basilisk (D:11)
  4 hungry ghosts
  Menkaure (D:7)
  An acid dragon (D:11)
  Duvessa (D:7)
  2 sky beasts
  A water moccasin (D:8)
  3 ice beasts
  A black bear (D:9)
  An orc warrior (D:7)
  3 ogres
  A phantom (D:8)
  2 centaurs
  2 crocodiles
  The ghost of Xavori the Slasher, an amateur VSCK of Xom (D:3)
  2 big kobolds
  2 gnoll sergeants
  13 bullfrogs
  Dowan (D:7)
  3 scorpions
  7 killer bees
  3 wights (D:8)
  5 howler monkeys
  6 crimson imps
  2 bullfrog zombies
  A quasit (D:8)
  3 hounds
  2 orc priests
  3 centaur skeletons
  2 bullfrog skeletons
  2 iguanas
  9 worker ants
  5 orc wizards
  A hound skeleton (D:10)
  12 gnolls
  2 worker ant zombies
  16 adders
  A howler monkey skeleton (D:6)
  A shadow imp (D:7)
  4 adder zombies
  2 adder skeletons (D:9)
  4 dart slugs
  5 leopard geckos
  25 orcs
  4 giant cockroaches
  9 goblins
  7 hobgoblins
  14 jackals
  3 quokkas
  4 bats (D:1)
  4 frilled lizards
  2 jackal zombies (D:6)
  19 kobolds
  A leopard gecko skeleton (D:4)
  A quokka zombie (D:8)
  2 rats (D:2)
  A fungus (D:11)
  A plant (D:11)
264 creatures vanquished.

Notes
Turn   | Place    | Note
-------+----------+-------------------------------------------
     0 | D:1      | qdestroyer the Minotaur Fighter began the quest for the
                  | Orb.
     0 | D:1      | Reached XP level 1. HP: 19/19 MP: 0/0
    42 | D:1      | Reached XP level 2. HP: 27/27 MP: 1/1
   423 | D:1      | Reached XP level 3. HP: 33/33 MP: 2/2
   739 | D:2      | Reached skill level 1 in Dodging
   792 | D:2      | Reached skill level 3 in Axes
  1421 | D:3      | Found a runed gate.
  1422 | D:3      | Found an opulent altar of Gozag.
  1423 | D:3      | Found a runed gate.
  1423 | D:3      | Found a runed gate.
  1423 | D:3      | Noticed Xavori's ghost (amateur VSCK)
  1427 | D:3      | Reached XP level 4. HP: 40/40 MP: 3/3
  1443 | D:3      | Reached skill level 4 in Axes
  1446 | D:3      | Killed Xavori's ghost
  1446 | D:3      | Reached XP level 5. HP: 15/46 MP: 4/4
  1834 | D:3      | Became a worshipper of Gozag Ym Sagoz the Greedy
  1850 | D:3      | Reached skill level 5 in Axes
  2280 | D:3      | Reached XP level 6. HP: 45/52 MP: 5/5
  2744 | D:4      | Found a staircase to the Ecumenical Temple.
  3395 | D:5      | Entered Level 5 of the Dungeon
  3513 | D:5      | Reached skill level 6 in Axes
  3517 | D:5      | Reached skill level 1 in Stealth
  3525 | D:5      | Found the amulet of the Four Winds {rN+ MR+++ Clar}
  3734 | D:5      | Reached skill level 5 in Armour
  3734 | D:5      | Reached skill level 5 in Shields
  3734 | D:5      | Reached XP level 7. HP: 54/60 MP: 6/6
  4213 | D:6      | Reached skill level 7 in Axes
  4222 | D:6      | Reached skill level 5 in Fighting
  4839 | D:6      | Found a blossoming altar of Fedhas.
  5236 | D:7      | Noticed Duvessa
  5236 | D:7      | Noticed Dowan
  5253 | D:7      | Killed Duvessa
  5253 | D:7      | Reached XP level 8. HP: 57/70 MP: 7/7
  5258 | D:7      | Killed Dowan
  5258 | D:7      | Reached skill level 8 in Axes
  5383 | D:7      | Found a sacrificial altar of Ru.
  5631 | D:7      | Noticed Menkaure
  5643 | D:7      | Killed Menkaure
  5643 | D:7      | Reached skill level 9 in Axes
  6239 | D:7      | Noticed Prince Ribbit
  6251 | D:7      | Killed Prince Ribbit
  6314 | D:8      | Reached XP level 9. HP: 53/78 MP: 8/8
  6695 | D:8      | Reached skill level 10 in Axes
  6925 | D:8      | Got a bloodstained leather armour
  7194 | D:8      | Identified the +6 leather armour "Ivimiax" {Str+2} (You
                  | found it on level 8 of the Dungeon)
  7498 | D:9      | Noticed a two-headed ogre
  7521 | D:9      | Killed a two-headed ogre
  7521 | D:9      | Reached skill level 11 in Axes
  7889 | D:9      | Reached XP level 10. HP: 88/88 MP: 9/9
  7899 | D:9      | Found Zeib's Food Shop.
  8296 | D:10     | Entered Level 10 of the Dungeon
  8352 | D:10     | You fall through a shaft for 3 floors!
  8358 | D:13     | Noticed a red ugly thing
  8379 | D:13     | Killed a red ugly thing
  8484 | D:13     | Noticed Frances
  8573 | D:13     | Noticed a cyclops
  8607 | D:13     | Reached skill level 12 in Axes
  8608 | D:13     | Noticed a centaur warrior
  8625 | D:12     | Noticed a deep elf mage
  8776 | D:11     | Noticed a two-headed ogre
  8789 | D:11     | Killed a two-headed ogre
  8804 | D:10     | Found a staircase to the Orcish Mines.
  8805 | D:10     | Noticed a centaur warrior
  8817 | D:10     | Reached skill level 5 in Dodging
  8836 | D:10     | Killed a centaur warrior
  8868 | D:10     | Reached XP level 11. HP: 42/97 MP: 10/10
  9116 | D:10     | Noticed a two-headed ogre
  9126 | D:10     | Killed a two-headed ogre
  9126 | D:10     | Reached skill level 13 in Axes
  9126 | D:10     | Reached skill level 10 in Shields
  9338 | D:10     | Got a faintly humming robe
  9360 | D:10     | Identified the cursed +0 robe "Kopsasso" {Int+2} (You found
                  | it on level 10 of the Dungeon)
  9557 | D:11     | Noticed a five-headed hydra
 10355 | D:11     | Noticed a death yak
 10395 | D:11     | Killed a death yak
 10690 | D:11     | Found a staircase to the Lair.
 11187 | D:12     | Found Acwoyre's Antique Armour Emporium.
 11206 | D:12     | Bought a glowing cloak for 217 gold pieces
 11219 | D:12     | Killed a deep elf mage
 11451 | D:12     | Noticed Fannar
 11493 | D:12     | Killed Fannar
 11493 | D:12     | Reached skill level 14 in Axes
 12273 | D:13     | Killed from afar by a meliai

Vault maps used:
D:1:      ncdulo_halloftheorcs
D:2:      first_ration
D:3:      ebering_ghost_gozag
D:4:      minmay_temple_entry_statues_pillars
D:5:      cheibrodos_iron_armory
D:6:      roderic_lattice_a, grunt_ministairs_2, minivault_23,
          corexii_leaking_fountain, fedhas_altar_2
D:7:      nicolae_ru_sacrificial_ziggurat, uniq_prince_ribbit1, uniq_duvessa,
          uniq_menkaure
D:9:      serial_shops, shop
D:11:     david_lair_generic, lemuel_flamethrower_1
D:12:     serial_shops, kennysheep_little_box, grunt_tengu_nest, moated_statue,
          st_stairs_8, uniq_fannar
D:13:     uniq_frances

Skill      XL: |  1  2  3  4  5  6  7  8  9 10 11 |
---------------+----------------------------------+-----
Armour         | 4 5 6 7 8 |  8.0
Shields        | 4 5 6 8 9 11 | 11.4
Dodging        | 1 2 3 5 6 |  6.2
Axes           | 3 4 5 6 7 9 11 12 14 | 14.3
Fighting       | 4 5 6 7 9 |  9.8
Stealth        | 1 2 |  2.8

Action                   |  1- 3 |  4- 6 |  7- 9 | 10-12 || total
-------------------------+-------+-------+-------+-------++-------
Melee: War axe           |   109 |   138 |   282 |   342 ||   871
       Headbutt          |    10 |    22 |    42 |    74 ||   148
Evoke: Wand              |       |       |       |     1 ||     1
  Use: Scroll            |    11 |     4 |     4 |    10 ||    29
       Potion            |       |     1 |     1 |     7 ||     9
 Stab: Distracted        |       |       |       |     3 ||     3
       Sleeping          |       |       |       |     1 ||     1
  Eat: Chunk             |     1 |     2 |       |       ||     3
       Ration            |       |     2 |     5 |     5 ||    12
Armor: Scale mail        |    49 |    44 |    68 |       ||   161
       Leather armour    |       |       |    15 |    77 ||    92
       Plate armour      |       |       |       |     6 ||     6
Dodge: Dodged            |    41 |    39 |   100 |    83 ||   263
Block: Shield            |    61 |    87 |   155 |    19 ||   322
       Large shield      |       |       |       |   297 ||   297

Table legend:
 A = Non-vault XP
 B = Vault XP
 C = Vault XP percentage of total XP
 D = Non-vault monster count
 E = Vault monster count
 F = Vault count percentage of total count
                 A         B        C        D         E       F
            +---------+---------+-------+---------+---------+-------
      Total |   16143 |    4079 |  20.2 |     248 |      14 |   5.3
            +---------+---------+-------+---------+---------+-------
        D:1 |      42 |       0 |   0.0 |      22 |       0 |   0.0
        D:2 |      46 |       0 |   0.0 |      18 |       0 |   0.0
        D:3 |     167 |     145 |  46.5 |      27 |       3 |  10.0
        D:4 |      47 |       0 |   0.0 |       8 |       0 |   0.0
        D:5 |     443 |       0 |   0.0 |      17 |       0 |   0.0
        D:6 |     465 |       0 |   0.0 |      14 |       0 |   0.0
        D:7 |     861 |     669 |  43.7 |      19 |       4 |  17.4
        D:8 |    1320 |       0 |   0.0 |      26 |       0 |   0.0
        D:9 |    2503 |       0 |   0.0 |      23 |       0 |   0.0
       D:10 |    2860 |       0 |   0.0 |      20 |       0 |   0.0
       D:11 |    2978 |    1414 |  32.2 |      27 |       4 |  12.9
       D:12 |    2078 |    1851 |  47.1 |      10 |       3 |  23.1
       D:13 |    2333 |       0 |   0.0 |      17 |       0 |   0.0
            +---------+---------+-------+---------+---------+-------
